 Dungeon Crawl Stone Soup version 0.28-a0-537-g3bccd9ccbf (webtiles) character file.

Game seed: 11413019480290000200

2851 meatgazer the Schismatic (level 9, -1/71 HPs)
             Began as a Demonspawn Abyssal Knight on Sept 27, 2021.
             Was an Elder of Lugonu.
             Slain by a killer bee (3 damage)
             ... on level 8 of the Dungeon.
             The game lasted 00:16:31 (8645 turns).

meatgazer the Schismatic (DsAK)                     Turns: 8645, Time: 00:16:31

Health: -1/71      AC: 25    Str: 17    XL:     9   Next: 46%
Magic:  0/15       EV:  6    Int: 12    God:    Lugonu [****..]
Gold:   354        SH:  0    Dex: 13    Spells: 8/8 levels left

rFire   . . .      SeeInvis .   a - +1 spear (vorpal)
rCold   . . .      Faith    .   (no shield)
rNeg    . . .      Spirit   +   i - +2 plate armour {rPois}
rPois   +          Reflect  .   (helmet restricted)
rElec   .          Harm     .   c - +2 cloak
rCorr   .          Rampage  .   (no gloves)
Will    .....                   m - +2 pair of boots
Stlth   ..........              (no amulet)
HPRegen 0.21/turn               (no ring)
MPRegen 0.28/turn               (no ring)

@: no status effects
A: horns 2, icy blue scales 2, magic shield, magic regeneration
a: Renounce Religion, Depart the Abyss, Bend Space, Banish, Corrupt


You were on level 8 of the Dungeon.
You worshipped Lugonu.
Lugonu was greatly pleased with you.
You visited 1 branch of the dungeon, and saw 8 of its levels.
You visited the Abyss 1 time.

You collected 354 gold pieces.

Inventory:

Hand Weapons
 a - a +1 vorpal spear (weapon)
 b - a +2 spear of flaming
Armour
 c - a +2 cloak (worn)
 i - a +2 plate armour of poison resistance (worn)
 m - a +2 pair of boots (worn)
Jewellery
 e - a +4 ring of evasion
 n - a ring of protection from cold
 o - a ring of see invisible
 p - a ring of willpower
Wands
 f - a wand of polymorph (3)
 g - a wand of paralysis (20)
Scrolls
 k - 6 scrolls of identify
Potions
 d - 2 potions of brilliance
 h - a potion of flight
 j - a potion of cancellation
 l - a potion of curing


   Skills:
 + Level 6.5 Fighting
 + Level 5.5 Polearms
 * Level 7.8 Armour
 - Level 1.5 Dodging
 + Level 8.0 Invocations


You had 8 spell levels left.
You didn't know any spells.
Your spell library contained the following spells:

 Spells                   Type           Power      Damage    Failure   Level
 Sublimation of Blood     Necr           0%         N/A       100%        2
 Wereblood                Tmut           0%         N/A       100%        2
 Fireball                 Conj/Fire      0%         3d3       100%        5
 Iskenderun's Battlesphe  Conj           0%         2d6       100%        5
 Conjure Ball Lightning   Conj/Air       0%         3x3d6     100%        6
 Orb of Destruction       Conj           0%         N/A       100%        7
 Summon Hydra             Summ           0%         N/A       100%        7


Dungeon Overview and Level Annotations

Branches:
Dungeon (8/15)             Temple (0/1) D:7
   Lair: D:8-11

Altars:
Okawaru
Ru
Sif Muna
Uskayaw
Vehumet
The Shining One

Shops:
D:3 (


Innate Abilities, Weirdness & Mutations

You have a pair of horns on your head.
You are mostly covered in icy blue scales. (AC +3)
When hurt, damage is shared between your health and your magic reserves.
You regenerate magic rapidly.


Message History

The killer bee stings you.
* * * LOW HITPOINT WARNING * * *
Your plate armour prevents you from hitting the killer bee.
The killer bee barely misses you. The killer bee stings you.
You barely miss the killer bee.
The killer bee stings you but does no damage.
The killer bee barely misses you. x2
The killer bee stings you but does no damage.
Your plate armour prevents you from hitting the killer bee.
The killer bee barely misses you. x2; The killer bee stings you.
* * * LOW HITPOINT WARNING * * *
You hit the killer bee.
The killer bee is lightly wounded.
The killer bee stings you.
* * * LOW HITPOINT WARNING * * *
The killer bee stings you but does no damage.
The killer bee barely misses you.
You miss the killer bee.
The killer bee is lightly wounded.
The killer bee stings you but does no damage.
The killer bee stings you.
The killer bee stings you but does no damage. x2
You hit the killer bee. Your headbutt misses the killer bee.
The killer bee is heavily wounded.
The killer bee stings you!
* * * LOW HITPOINT WARNING * * *
The killer bee stings you.
* * * LOW HITPOINT WARNING * * *
The killer bee stings you but does no damage.
Space bends sharply around you!
The killer bee blinks!
You blink.
Found 10 gold pieces.
The killer bee barely misses you.
You barely miss the killer bee.
The killer bee is lightly wounded.
The killer bee stings you.
* * * LOW HITPOINT WARNING * * *
The killer bee barely misses you.
You completely miss the killer bee. Your headbutt misses the killer bee.
The killer bee is lightly wounded.
The killer bee stings you.
You die...

.... #..# ##.## ##. .....#
#§.# #..# #.. #.......###.§#
#..####.# ..........#..#
#...##..#
.............#######...##..#
...(...y...............#
......................##
.......y......#####.....
.......@#...## #..##.
...........# #.## #
.......$...# .##
.....####..# #. #...# ### #.
##.# ##


You could see 2 killer bees.

Vanquished Creatures
  A ynoxinul (D:3)
  A steam dragon (D:6)
  A water moccasin (D:8)
  A sky beast (D:6)
  A hornet zombie (D:5)
  2 ice beasts
  A black bear (D:4)
  3 centaurs
  An ogre (D:5)
  A lemure (D:7)
  A gnoll sergeant (D:7)
  2 bullfrogs
  2 water moccasin zombies (D:4)
  7 killer bees
  2 howler monkeys (D:7)
  A jelly (D:5)
  2 bullfrog zombies
  A centaur zombie (D:5)
  A bullfrog skeleton (D:3)
  4 hounds
  4 orc priests
  A centaur skeleton (D:4)
  4 iguanas
  2 orc wizards
  5 scorpion zombies (D:4)
  3 hound zombies
  2 hound skeletons (D:4)
  A howler monkey zombie (D:4)
  5 gnolls (D:7)
  A howler monkey skeleton (D:7)
  7 adders
  5 adder skeletons (D:4)
  4 adder zombies (D:4)
  3 worms (D:2)
  9 orcs
  4 ball pythons
  5 endoplasms
  3 giant cockroaches
  5 goblins
  10 hobgoblins
  3 jackals (D:2)
  5 kobolds
  4 quokkas
  9 bats
  5 frilled lizards
  A jackal zombie (D:4)
  5 rats
151 creatures vanquished.

Vanquished Creatures (others)
  A withered plant (D:4)
1 creature vanquished.

Grand Total: 152 creatures vanquished

Notes
Turn   | Place    | Note
-------+----------+-------------------------------------------
     0 | Abyss:1  | meatgazer the Demonspawn Abyssal Knight began the quest for
                  | the Orb.
     0 | Abyss:1  | Reached XP level 1. HP: 18/18 MP: 2/2
    61 | Abyss:1  | Noticed a starcursed mass
   101 | Abyss:1  | Noticed a small abomination
   166 | Abyss:3  | Noticed a large abomination
   200 | Abyss:3  | Noticed a large abomination
   217 | Abyss:3  | Noticed an ancient zyme
   217 | Abyss:3  | Noticed a small abomination
   219 | D:1      | Escaped the Abyss
   556 | D:1      | Reached skill level 1 in Dodging
   712 | D:1      | Gained mutation: You are partially covered in icy blue
                  | scales. (AC +2) [demonic ancestry]
   712 | D:1      | Reached XP level 2. HP: 24/24 MP: 3/3
   764 | D:1      | Found a faded altar of an unknown god.
   831 | D:1      | Reached * piety under Lugonu
  2075 | D:2      | Gained mutation: You are mostly covered in icy blue scales.
                  | (AC +3) [demonic ancestry]
  2075 | D:2      | Reached XP level 3. HP: 24/29 MP: 5/5
  2242 | D:2      | Reached skill level 3 in Invocations
  2901 | D:3      | Noticed Grinder
  2934 | D:3      | Gained mutation: You regenerate magic rapidly. [demonic
                  | ancestry]
  2934 | D:3      | Reached XP level 4. HP: 35/35 MP: 6/6
  3037 | D:3      | Noticed Grinder
  3037 | D:3      | Grinder changed into Grinder the tormentor
  3039 | D:3      | Noticed Grinder
  3039 | D:3      | Grinder the tormentor changed into Grinder the ynoxinul
  3066 | D:3      | Reached ** piety under Lugonu
  3079 | D:3      | Killed Grinder the ynoxinul
  3080 | D:3      | Reached skill level 4 in Invocations
  3080 | D:3      | Gained mutation: You have a pair of small horns on your
                  | head. [demonic ancestry]
  3080 | D:3      | Reached XP level 5. HP: 12/42 MP: 6/8
  3553 | D:3      | Found a sacrificial altar of Ru.
  3567 | D:3      | Gained mutation: You have a pair of horns on your head.
                  | [demonic ancestry]
  3567 | D:3      | Reached XP level 6. HP: 44/48 MP: 9/9
  3593 | D:3      | Found Gaedwayh's Weapon Shoppe.
  3719 | D:3      | Found a hide-covered altar of Uskayaw.
  4258 | D:4      | Reached XP level 7. HP: 27/55 MP: 10/10
  4464 | D:4      | Reached skill level 5 in Invocations
  4597 | D:4      | Reached *** piety under Lugonu
  4641 | D:4      | Reached skill level 5 in Armour
  4945 | D:4      | Reached skill level 5 in Fighting
  5129 | D:4      | Found a shimmering blue altar of Sif Muna.
  5246 | D:5      | Entered Level 5 of the Dungeon
  5254 | D:5      | Gained mutation: When hurt, damage is shared between your
                  | health and your magic reserves. [demonic ancestry]
  5254 | D:5      | Reached XP level 8. HP: 48/62 MP: 12/12
  5257 | D:5      | Reached skill level 6 in Invocations
  5896 | D:5      | Found an iron altar of Okawaru.
  6638 | D:6      | Reached skill level 7 in Invocations
  7278 | D:6      | Reached skill level 5 in Polearms
  7278 | D:6      | Reached XP level 9. HP: 69/69 MP: 14/14
  7314 | D:6      | Reached **** piety under Lugonu
  8421 | D:7      | Found a staircase to the Ecumenical Temple.
  8459 | D:7      | Found a radiant altar of Vehumet.
  8599 | D:8      | Reached skill level 8 in Invocations
  8644 | D:8      | HP: 1/71 [killer bee (2)]
  8645 | D:8      | Slain by a killer bee

Illustrated notes

Levels and vault maps discovered:
D:1:      lightli_arrival_maybe_door_vault, layout_basic,
          hellmonk_ecumenical_altar_crossroads
D:2:      layout_loops_cross, minmay_misc_feat_tower
D:3:      layout_basic, mainiacjoe_overflow_six_doors_small,
          nicolae_uskayaw_suspiria, serial_shops, shop, uniq_grinder
D:4:      layout_basic, mainiacjoe_overflow_cross_hatched, lemuel_tele_altar,
          serial_undead, serial_undead_f, serial_undead_c, serial_undead_b,
          serial_undead_d, serial_undead_f, serial_undead_f, serial_undead_c,
          serial_undead_e, serial_undead_c, serial_undead_d,
          cheibrodos_sewer_entry_drain
D:5:      layout_loops_ring, nicolae_overflow_hidden_temple, roderic_lattice_a,
          kennysheep_generic_room_14
D:6:      layout_loops_ring
D:7:      layout_gridville, temple_green, minmay_ruined_shrine, uniq_pikel
D:8:      minmay_inner_zag, layout_layer_cave, nicolae_yredelemnul_ghost_church,
          enter_bailey_3

Skill      XL: |  1  2  3  4  5  6  7  8  9 |
---------------+----------------------------+-----
Dodging        | 1 |  1.5
Armour         | 2 3 4 5 7 |  7.8
Polearms       | 2 3 4 5 |  5.5
Invocations    | 3 4 5 7 8 |  8.0
Fighting       | 4 5 6 |  6.5

Action                   |  1- 3 |  4- 6 |  7- 9 || total
-------------------------+-------+-------+-------++-------
Melee: Spear             |   177 |   163 |   524 ||   864
       Headbutt          |       |    24 |    85 ||   109
Invok: Depart the Abyss  |     1 |       |       ||     1
       Bend Space        |       |       |     5 ||     5
Evoke: Wand              |       |     4 |       ||     4
  Use: Scroll            |     5 |     3 |     7 ||    15
       Potion            |     3 |     3 |     3 ||     9
 Stab: Sleeping          |     3 |       |       ||     3
Armor: Leather armour    |    76 |    18 |       ||    94
       Plate armour      |       |    73 |   426 ||   499
       Skin              |       |    48 |       ||    48
Dodge: Dodged            |    86 |    62 |   174 ||   322

Table legend: (Time is in decaauts)
 A = Elapsed time spent in this place.
 B = Non-inter-level travel time spent in this place.
 C = Inter-level travel time spent in this place.
 D = Time resting spent in this place.
 E = Time spent auto-exploring this place.
 F = Levels seen in this place.
 G = Mean time per level.
                   A        B        C        D        E       F      G
               +--------+--------+--------+--------+--------+-----+--------+
         Total |   8563 |   8253 |    310 |   2324 |   4356 |  11 |  778.5 |
       Dungeon |   8345 |   8035 |    310 |   2324 |   4278 |   8 | 1043.1 |
         Abyss |    218 |    218 |      0 |      0 |     78 |   3 |   72.7 |
               +--------+--------+--------+--------+--------+-----+--------+

Top non-repeatable levels by time:
     D:1: 1871 daAuts
     D:6: 1495 daAuts
     D:4: 1160 daAuts
     D:3: 1075 daAuts
     D:5: 1036 daAuts
     D:2: 907 daAuts
     D:7: 652 daAuts
     D:8: 145 daAuts
 Abyss:1: 127 daAuts
 Abyss:3: 57 daAuts
 Abyss:2: 33 daAuts
